 Dungeon Crawl Stone Soup version 0.29-a0-857-g9b1aa3ac5b (webtiles) character file.

Game seed: 4336378822872229799

341 jimonade the Shield-Bearer (level 6, -6/53 HPs)
             Began as a Gnoll Fighter on July 17, 2022.
             Mangled by an ogre
             ... wielding a +0 giant club
              (16 damage)
             ... on level 3 of the Dungeon.
             The game lasted 00:03:32 (3204 turns).

jimonade the Shield-Bearer (Gnoll Fighter)          Turns: 3204, Time: 00:03:33

Health: -6/53      AC: 10    Str: 15    XL:     6   Next: 56%
Magic:  9/9        EV:  7    Int:  9    God:
Gold:   131        SH:  5    Dex: 12    Spells: 9/9 levels left

rFire   . . .      SeeInvis .   a - +0 trident
rCold   . . .      Faith    .   c - +0 buckler
rNeg    . . .      Spirit   .   f - +0 chain mail
rPois   .          Reflect  .   (no helmet)
rElec   .          Harm     .   (no cloak)
rCorr   .          Rampage  .   (no gloves)
Will    .....                   (no boots)
Stlth   ..........              (no amulet)
HPRegen 0.17/turn               (no ring)
MPRegen 0.11/turn               (no ring)

@: no status effects
A: fangs 1, strong nose, distributed training
a: no special abilities


You were on level 3 of the Dungeon.
You visited 1 branch of the dungeon, and saw 4 of its levels.

You collected 131 gold pieces.

Inventory:

Hand Weapons
 a - a +0 trident (weapon)
 o - a +0 quarterstaff
 y - a +0 short sword of draining
Missiles
 l - 9 poisoned darts (quivered)
Armour
 b - a +0 scale mail
 c - a +0 buckler (worn)
 f - a +0 chain mail (worn)
 j - a +0 leather armour
 v - a +0 leather armour of fire resistance
Jewellery
 A - a +6 ring of intelligence
Scrolls
 e - 2 scrolls of identify {unknown}
 g - a scroll of silence {unknown}
 h - a scroll of blinking {unknown}
 i - 4 scrolls of noise {unknown}
 m - a scroll of brand weapon {unknown}
 r - 2 scrolls of vulnerability {unknown}
 s - 2 scrolls of immolation {unknown}
Potions
 d - a potion of might
 k - 2 potions of degeneration {unknown}
 n - a potion of cancellation {unknown}
 p - a potion of heal wounds {unknown}
 q - a potion of curing {unknown}
 t - a potion of magic {unknown}
 u - a potion of brilliance {unknown}
 w - 2 potions of haste {unknown}
 x - a potion of berserk rage {unknown}
 z - a potion of flight {unknown}


   Skills:
 + Level 6.9 Fighting
 + Level 2.1 Short Blades
 + Level 2.1 Long Blades
 + Level 2.1 Axes
 + Level 2.1 Maces & Flails
 + Level 5.0 Polearms
 + Level 2.1 Staves
 + Level 2.1 Ranged Weapons
 + Level 2.1 Throwing
 + Level 6.9 Armour
 + Level 2.1 Dodging
 + Level 2.1 Stealth
 + Level 6.9 Shields
 + Level 2.1 Unarmed Combat
 + Level 2.1 Spellcasting
 + Level 1.6 Conjurations
 + Level 1.6 Hexes
 + Level 1.6 Summonings
 + Level 1.6 Necromancy
 + Level 1.6 Translocations
 + Level 1.6 Transmutations
 + Level 1.6 Fire Magic
 + Level 1.6 Ice Magic
 + Level 1.6 Air Magic
 + Level 1.6 Earth Magic
 + Level 1.6 Poison Magic
 + Level 2.3 Invocations
 + Level 2.1 Evocations


You had 9 spell levels left.
You didn't know any spells.
Your spell library contained the following spells:

 Spells                   Type           Power      Damage    Failure   Level
 Magic Dart               Conj           12%        1d3       97%         1
 Searing Ray              Conj           6%         2d4       99%         2
 Fulminant Prism          Conj/Hex       1%         3d6       100%        4


Dungeon Overview and Level Annotations

Branches:
Dungeon (4/15)
 Temple: D:4-7

Altars:


Innate Abilities, Weirdness & Mutations

You have very sharp teeth.
Your uncanny sense of smell can sniff out nearby items.
Your experience applies equally to all skills.


Message History

a +0 leather armour; a +0 club; a +0 short sword of draining
y - a +0 short sword of draining
There is an open door here.
There is a stone staircase leading down here.
You climb downwards.
You hear the sound of rushing water.
There is an entrance to a sewer on this level.
Hurry and find it before the portal rusts away!
The iguana hisses angrily.
The ogre shouts!
You hear a shout!
Found a wooden ring and 54 gold pieces.
There is a stone staircase leading up here.
Okay, then.
A kobold comes into view. It is wielding a +0 short sword.
You see here a +6 ring of intelligence.
A - a +6 ring of intelligence
There is a stone staircase leading up here.
You reach to attack!
You hit the ogre.
The ogre is moderately wounded.
The ogre hits you with a +0 giant club.
You climb upwards.
There is a stone staircase leading down here.
You hit the ogre. You bite the ogre.
The ogre is heavily wounded.
You hit the ogre. You bite the ogre.
The ogre is severely wounded.
The ogre hits you with a +0 giant club!
You puncture the ogre!
The ogre is almost dead.
The ogre hits you with a +0 giant club!!
Ouch! That really hurt!
* * * LOW HITPOINT WARNING * * *
You are too injured to fight recklessly!
You are too injured to fight recklessly!
You are too injured to fight recklessly!
You are too injured to fight recklessly!
You hit the ogre but do no damage.
The ogre is almost dead.
You barely miss the ogre. Your bite misses the ogre.
The ogre is almost dead.
The ogre hits you with a +0 giant club!
You die...

#..............'...'
#..............≈...#
#..............≈...≈
###.######.#.≈≈≈..≈≈
#.##...#.≈≈..#.≈≈#
#########..+...###≈≈######
#.......#.##...# ##≈≈≈###.
##.###.....#...######≈≈≈##
#.# #..#@O....'..........
#.# #..#..#...##########.
#.# #..#..#...# #........
#.# #..#).#...# #........
#.# #.÷#.##...# #........
#.# #....<#.### #........
#.# #...#.#.# #........
#.# #...#.#.# #........
#.# #...#.#.# #........


You could see an ogre.

Vanquished Creatures
  Grinder (D:3)
  An orc priest (D:2)
  3 gnolls (D:2)
  4 adders
  A worm (D:2)
  4 orcs
  4 ball pythons
  6 endoplasms
  2 giant cockroaches
  5 goblins
  5 hobgoblins
  4 kobolds
  3 quokkas
  4 bats
  3 frilled lizards
  4 rats
54 creatures vanquished.

Notes
Turn   | Place    | Note
-------+----------+-------------------------------------------
     0 | D:1      | jimonade the Gnoll Fighter began the quest for the Orb.
     0 | D:1      | Reached XP level 1. HP: 23/23 MP: 1/1
    81 | D:1      | Reached XP level 2. HP: 27/29 MP: 2/2
   112 | D:1      | Found a faded altar of an unknown god.
   720 | D:1      | Reached XP level 3. HP: 35/35 MP: 3/3
   773 | D:2      | Reached skill level 1 in Invocations
   785 | D:2      | Reached skill level 1 in Short Blades
   785 | D:2      | Reached skill level 1 in Long Blades
   785 | D:2      | Reached skill level 1 in Axes
   785 | D:2      | Reached skill level 1 in Maces & Flails
   785 | D:2      | Reached skill level 1 in Staves
   785 | D:2      | Reached skill level 1 in Ranged Weapons
   785 | D:2      | Reached skill level 1 in Throwing
   785 | D:2      | Reached skill level 1 in Dodging
   785 | D:2      | Reached skill level 1 in Stealth
   785 | D:2      | Reached skill level 1 in Unarmed Combat
   785 | D:2      | Reached skill level 1 in Spellcasting
   785 | D:2      | Reached skill level 1 in Evocations
  1198 | D:2      | Reached XP level 4. HP: 40/41 MP: 5/5
  1736 | D:2      | Reached skill level 1 in Conjurations
  1736 | D:2      | Reached skill level 1 in Hexes
  1736 | D:2      | Reached skill level 1 in Summonings
  1736 | D:2      | Reached skill level 1 in Necromancy
  1736 | D:2      | Reached skill level 1 in Translocations
  1736 | D:2      | Reached skill level 1 in Transmutations
  1736 | D:2      | Reached skill level 1 in Fire Magic
  1736 | D:2      | Reached skill level 1 in Ice Magic
  1736 | D:2      | Reached skill level 1 in Air Magic
  1736 | D:2      | Reached skill level 1 in Earth Magic
  1736 | D:2      | Reached skill level 1 in Poison Magic
  1868 | D:2      | Reached XP level 5. HP: 23/47 MP: 5/7
  2487 | D:3      | Noticed Grinder
  2494 | D:3      | Paralysed by Grinder for 4 turns
  2509 | D:3      | Killed Grinder
  2510 | D:3      | Reached skill level 5 in Polearms
  2510 | D:3      | Reached XP level 6. HP: 31/53 MP: 7/9
  3204 | D:3      | Mangled by an ogre

Illustrated notes

Levels and vault maps discovered:
D:1:      dpeg_arrival_round_b, layout_loops_ring, basic_ecumenical_altar
D:2:      layout_loops_ring
D:3:      layout_basic, serial_rivers, chequers_serial_rivers_small_b,
          chequers_serial_rivers_large_a, chequers_serial_rivers_small_3,
          chequers_serial_rivers_small_a, minmay_misc_feat_secret_circle,
          uniq_grinder
D:4:      layout_basic, slow_altar_2, kb_xom_exploding_sheep, minitemple,
          jmf_multi_god_temple, portal_sewer_entry_e,
          biasface_ghost_orc_armoury, serial_bayou_crossing

Skill      XL: |  1  2  3  4  5 |
---------------+----------------+-----
Invocations    | 1 2 |  2.3
Short Blades   | 1 2 |  2.1
Long Blades    | 1 2 |  2.1
Axes           | 1 2 |  2.1
Maces & Flails | 1 2 |  2.1
Staves         | 1 2 |  2.1
Ranged Weapons | 1 2 |  2.1
Throwing       | 1 2 |  2.1
Dodging        | 1 2 |  2.1
Stealth        | 1 2 |  2.1
Unarmed Combat | 1 2 |  2.1
Spellcasting   | 1 2 |  2.1
Evocations     | 1 2 |  2.1
Conjurations   | 1 |  1.6
Hexes          | 1 |  1.6
Summonings     | 1 |  1.6
Necromancy     | 1 |  1.6
Translocations | 1 |  1.6
Transmutations | 1 |  1.6
Fire Magic     | 1 |  1.6
Ice Magic      | 1 |  1.6
Air Magic      | 1 |  1.6
Earth Magic    | 1 |  1.6
Poison Magic   | 1 |  1.6
Polearms       | 5 |  5.0
Fighting       | |  6.9
Armour         | |  6.9
Shields        | |  6.9

Action                   |  1- 3 |  4- 6 || total
-------------------------+-------+-------++-------
Melee: Trident           |    82 |   139 ||   221
       Bite              |     6 |    12 ||    18
Armor: Chain mail        |    33 |    73 ||   106
Dodge: Dodged            |    22 |    23 ||    45
Block: Buckler           |    13 |    29 ||    42

Table legend: (Time is in decaauts)
 A = Elapsed time spent in this place.
 B = Non-inter-level travel time spent in this place.
 C = Inter-level travel time spent in this place.
 D = Time resting spent in this place.
 E = Time spent auto-exploring this place.
 F = Levels seen in this place.
 G = Mean time per level.
                   A        B        C        D        E       F      G
               +--------+--------+--------+--------+--------+-----+--------+
         Total |   3242 |   3151 |     91 |    574 |   2081 |   4 |  810.5 |
       Dungeon |   3242 |   3151 |     91 |    574 |   2081 |   4 |  810.5 |
               +--------+--------+--------+--------+--------+-----+--------+

Top non-repeatable levels by time:
     D:3: 1228 daAuts
     D:1: 1092 daAuts
     D:2: 915 daAuts
     D:4: 5 daAuts
